 Dungeon Crawl Stone Soup version 0.28-a0-1395-g4f6bc678fa (webtiles) character file.

Game seed: 9690823025070530639

151281 vineage the Warrior (level 17, -1/111 HPs)
             Began as a Gargoyle Fighter on Jan 4, 2022.
             Was a High Priest of Okawaru.
             Slain by a wolf spider (12 damage)
             ... on level 3 of the Spider Nest.
             The game lasted 00:50:13 (40485 turns).

vineage the Warrior (Gargoyle Fighter)             Turns: 40485, Time: 00:50:13

Health: -1/111     AC: 41    Str: 34    XL:     17   Next: 55%
Magic:  19/21      EV: 15    Int:  9    God:    Okawaru [*****.]
Gold:   1784       SH: 16    Dex: 21    Spells: 16/16 levels left

rFire   + . .      SeeInvis .   Y - +2 demon whip "Demonslayer" {freeze, rElec Str+4}
rCold   + . .      Faith    .   U - +2 buckler "Gikeam" {rPois rN+}
rNeg    + + .      Spirit   .   I - +2 plate armour {rC+}
rPois   ∞          Reflect  +   X - +0 hat of a Million Hells {rF+ Stlth+}
rElec   +          Harm     .   u - scarf {shadows}
rCorr   .          Rampage  .   x - +0 pair of gloves
Will    +....                   T - +1 pair of boots
Stlth   ..........              o - amulet of reflection
HPRegen 0.28/turn               K - +6 ring of dexterity
MPRegen 0.17/turn               s - +6 ring of strength

@: heroic, flying, unable to read
A: sickness immunity, AC +12, big wings, negative energy resistance 1,
electricity resistance, torment resistance 1, petrification resistance,
iridescent scales 2, frail 1, strong 1, inability to read while threatened
a: Renounce Religion, Heroism, Finesse, Duel


You were on level 3 of the Spider Nest.
You worshipped Okawaru.
Okawaru was extremely pleased with you.
You visited 5 branches of the dungeon, and saw 27 of its levels.
You visited the Abyss 1 time.

You collected 2155 gold pieces.
You spent 371 gold pieces at shops.

Inventory:

Hand Weapons
 g - the +8 short sword of Courage {vorpal, Drain Str+4 Stlth+}
   (You took it off a goblin on level 3 of the Dungeon)

   It inflicts extra damage upon your enemies.
   Str:       It affects your strength (+4).
   Drain:     It drains your maximum health when unequipped.
   Stlth:     It makes you more stealthy.
 M - a +6 morningstar of draining
 Y - the +2 demon whip "Demonslayer" (weapon) {freeze, rElec Str+4}
   (Okawaru gifted it to you on level 13 of the Dungeon)

   It freezes those it strikes, dealing additional cold damage.
   It can also slow down cold-blooded creatures.
   Str:       It affects your strength (+4).
   rElec:     It insulates you from electricity.
Armour
 u - a scarf of shadows (worn)
 x - a +0 pair of gloves (worn)
 B - a scarf of invisibility
 I - a +2 plate armour of cold resistance (worn)
 T - a +1 pair of boots (worn)
 U - the +2 buckler "Gikeam" (worn) {rPois rN+}
   (Okawaru gifted it to you on level 15 of the Dungeon)

   rPois:     It protects you from poison.
   rN:        It protects you from negative energy.
 X - the +0 hat of a Million Hells (worn) {rF+ Stlth+}
   (You found it on level 12 of the Dungeon)

   rF:        It protects you from fire.
   Stlth:     It makes you more stealthy.
Jewellery
 a - a ring of positive energy
 h - a ring of fire
 o - an amulet of reflection (around neck)
 s - a +6 ring of strength (right hand)
 J - a +4 ring of evasion
 K - a +6 ring of dexterity (left hand)
 N - a ring of ice
 R - an amulet of faith
 V - an amulet of the acrobat
 W - a ring of resist corrosion
Wands
 b - a wand of acid (2)
 c - a wand of polymorph (3)
 y - a wand of paralysis (15)
 A - a wand of mindburst (16)
 D - a wand of flame (1)
 O - a wand of digging (9)
 P - a wand of iceblast (11)
Scrolls
 f - 3 scrolls of blinking
 j - 4 scrolls of vulnerability
 p - 6 scrolls of silence
 t - 8 scrolls of identify
 v - 4 scrolls of fog
 E - 5 scrolls of fear
 F - a scroll of enchant weapon
 H - 2 scrolls of amnesia
 L - 8 scrolls of teleportation
 S - 4 scrolls of magic mapping
 Z - a scroll of enchant armour
Potions
 d - 15 potions of curing
 e - 5 potions of attraction
 i - 7 potions of heal wounds
 k - 7 potions of cancellation
 l - 2 potions of mutation
 m - 6 potions of lignification
 n - 2 potions of berserk rage
 q - a potion of might
 r - 3 potions of resistance
 w - 2 potions of brilliance {unknown}
 z - a potion of invisibility
 C - 4 potions of haste
 G - 2 potions of magic
 Q - 4 potions of ambrosia


   Skills:
 + Level 19.8(24.8) Fighting
 - Level 2.2(7.2) Short Blades
 - Level 18.9(23.9) Maces & Flails
 + Level 12.3(17.3) Armour
 - Level 4.9(9.9) Dodging
 + Level 12.2(17.2) Shields
 - Level 6.5 Invocations


You had 16 spell levels left.
You didn't know any spells.
Your spell library contained the following spells:

 Spells                   Type           Power      Damage    Failure   Level
 Ensorcelled Hibernation  Hex/Ice        0%         N/A       94%         2
 Wereblood                Tmut           0%         N/A       94%         2
 Confusing Touch          Hex            0%         N/A       99%         3
 Spider Form              Tmut/Pois      0%         N/A       99%         3
 Blade Hands              Tmut           0%         N/A       100%        5
 Yara's Violent Unravell  Hex/Tmut       0%         3d3       100%        5
 Iron Shot                Conj/Erth      0%         9d1       100%        6
 Enfeeble                 Hex            0%         N/A       100%        7
 Sublimation of Blood     Necr           Unusable   N/A       N/A         2
 Animate Armour           Summ/Erth      Unusable   N/A       N/A         4
 Summon Hydra             Summ           Unusable   N/A       N/A         7

Dungeon Overview and Level Annotations

Branches:
Dungeon (15/15)            Temple (1/1) D:4            Lair (6/6) D:9
  Snake (0/4) Lair:3       Spider (3/4) Lair:3        Slime (0/5) Lair:5
    Orc (2/2) D:12            Elf (0/3) Orc:2        Vaults (0/5) D:14
 Depths (0/4) D:15

Altars:
Ashenzari
Cheibriados
Dithmenos
Elyvilon
Fedhas
Gozag
Hepliaklqana
Kikubaaqudgha
Makhleb
Nemelex Xobeh
Okawaru
Qazlal
Ru
Sif Muna
Trog
Uskayaw
Vehumet
Wu Jian
Xom
Yredelemnul
Zin
The Shining One
Beogh
Jiyva

Shops:
D:14 =   Orc:1 =   Orc:2 *(=[

Portals:
Trove: D:11 (give 6 scrolls of blinking)


Innate Abilities, Weirdness & Mutations

You are immune to sickness and miasma.
Your stone body is resilient. (AC +12)
You are immune to poison.
Your large and strong wings let you fly.
You resist negative energy. (rN+)
You are resistant to electric shocks. (rElec)
You are resistant to unholy torment.
You are immune to petrification.
You are mostly covered in iridescent scales. (AC +4)
You are frail. (-10% HP)
Your muscles are strong. (Str +2)
You sometimes lose the ability to read scrolls when taking damage.


Message History

The wolf spider bites you!
* * * LOW HITPOINT WARNING * * *
The moth of wrath goads the redback on!
The redback goes berserk!
You block the redback's attack. x2; You block the wolf spider's attack.
The wolf spider barely misses you. The redback bites you!
* * * LOW HITPOINT WARNING * * *
The spark wasp stings you but does no damage.
You feel much better. The wolf spider misses you.
The wolf spider closely misses you. You block the wolf spider's attack.
The wolf spider bites you but does no damage.
You block the redback's attack.
The redback bites you but does no damage.
You block the spark wasp's attack. You block the wolf spider's attack.
The wolf spider closely misses you. The redback bites you.
* * * LOW HITPOINT WARNING * * *
The redback bites you.
* * * LOW HITPOINT WARNING * * *
The spark wasp stings you but does no damage.
The wolf spider closely misses you.
The wolf spider bites you but does no damage.
The redback bites you but does no damage.
The wolf spider hits you but does no damage.
The wolf spider bites you!
* * * LOW HITPOINT WARNING * * *
The redback barely misses you.
The moth of wrath goads the redback on!
The redback goes berserk!
The moth of wrath goads the redback on!
The redback goes berserk!
The spark wasp barely misses you. You block the wolf spider's attack.
The wolf spider bites you.
* * * LOW HITPOINT WARNING * * *
The redback closely misses you.
You gain the combat prowess of a mighty hero.
You feel yourself speed up.
The redback's soul is no longer bound.
You block the wolf spider's attack.
The wolf spider bites you but does no damage.
You block the redback's attack. The wolf spider misses you.
The wolf spider bites you.
* * * LOW HITPOINT WARNING * * *
The spark wasp closely misses you. You block the redback's attack.
The wolf spider hits you!
You die...

###.....##
#..^.†^######
##....####..##
#....#^.#...# ###
##.#.......#####.# ...
###.).....#..#..## ....
##.[.#....^##..###.....
##<.#.....^^y.#.#.....
#.###.....@ssy.#.....
### ###..##ss..?...#
####.s.......#
####...######
.....^.?..^.^#
..).....†...[.
.#.#^#.#.....#
#.#.#.#....## #
.B#.##....#


You could see a spark wasp (soul bound), a wolf spider (berserk, soul bound), a
moth of wrath, a jumping spider and 3 redbacks.

Vanquished Creatures
  Rupert (Lair:6)
  A hellephant (Abyss:2)
  2 tentacled starspawn (Abyss:2)
  Kirke (D:14)
  2 orc warlords (Orc:2)
  2 emperor scorpions
  An entropy weaver (Spider:1)
  Snorg (Orc:1)
  Josephine (Spider:1)
  12 hydras
  6 boulder beetles
  Erolcha (Orc:1)
  An ogre mage (D:15)
  Fannar (D:11)
  4 vault guards (D:14)
  A rakshasa (D:15)
  A death knight (D:12)
  4 catoblepae
  4 centaur warriors
  11 two-headed ogres
  A tengu warrior (D:15)
  A thrashing horror (Abyss:2)
  An orc high priest (Orc:2)
  A death yak (D:9)
  Nergalle (Orc:2)
  2 wretched stars (Abyss:2)
  4 pharaoh ants
  A skeletal warrior (D:12)
  A spatial maelstrom (Abyss:2)
  2 orb spiders
  A steelbarb worm (Spider:2)
  2 wizards (D:15)
  3 lindwurms
  7 orc knights
  2 deep elf pyromancers
  7 ugly things
  A necromancer (D:15)
  12 wolf spiders
  A manticore (D:11)
  5 orc sorcerers
  4 cyclopes
  A manticore (shapeshifter) (D:12)
  2 worldbinders (Abyss:2)
  23 elephants
  Maurice (D:9)
  An apocalypse crab (Abyss:2)
  13 black mambas
  2 guardian serpents
  A naga mage (D:15)
  3 smoke demons (Abyss:2)
  9 gargoyles
  21 cane toads
  12 komodo dragons
  A torpor snail (Lair:3)
  6 demonic crawlers
  Maggie (Lair:2)
  5 efreet
  3 unseen horrors
  2 yaktaurs (D:12)
  4 tengu conjurers
  4 freezing wraiths
  A hellwing (Abyss:2)
  A red devil (Abyss:2)
  3 meliai (D:13)
  3 hornets
  A troll (shapeshifter) (D:12)
  A harpy zombie (Abyss:2)
  11 trolls
  10 tarantellas
  A polar bear (Lair:6)
  13 blink frogs
  A wolf spider simulacrum (D:12)
  7 culicivoras
  3 slime creatures
  2 large abominations (Abyss:2)
  A meliai zombie (D:11)
  8 jumping spiders
  A centaur simulacrum (D:15)
  6 starcursed masses (Abyss:2)
  5 wraiths
  A shadow (D:12)
  5 water elementals (D:15)
  A ynoxinul (Abyss:2)
  47 yaks
  A fire elemental (Abyss:2)
  A hog (shapeshifter) (D:14)
  2 vampires
  4 small abominations (Abyss:2)
  17 wyverns
  2 steam dragons
  6 basilisks
  7 humans (D:14)
  11 vampire mosquitoes
  2 hogs (D:14)
  2 chaos spawn (Abyss:2)
  A neqoxec (Abyss:2)
  37 redbacks
  Grum (D:8)
  Menkaure (D:7)
  8 wargs
  A naga (Abyss:2)
  27 water moccasins
  2 ice beasts
  36 orc warriors
  A black bear (D:9)
  A black bear (shapeshifter) (D:13)
  A hornet zombie (D:9)
  2 necrophages
  3 boggarts (D:15)
  12 ogres
  36 wolves
  7 centaurs
  9 bullfrogs
  4 kobold brigands
  A gnoll sergeant (D:7)
  2 scorpions (D:6)
  Blork the orc (Orc:2)
  A wyvern skeleton (D:4)
  5 wights (D:9)
  3 killer bees (D:11)
  A howler monkey (D:8)
  4 electric eels
  8 centaur zombies
  3 quasits (Abyss:2)
  3 centaur skeletons
  5 hounds
  8 jellies
  23 orc priests
  Crazy Yiuf (D:2)
  A bullfrog skeleton (D:5)
  Terence (D:2)
  13 orc wizards
  10 hell rats
  A scorpion zombie (D:5)
  A killer bee zombie (D:5)
  A hound zombie (D:5)
  A howler monkey skeleton (D:7)
  Robin (D:2)
  15 gnolls
  6 adders
  A shadow imp (D:5)
  2 white imps
  2 ufetubi
  An adder skeleton (D:4)
  78 orcs
  10 ball pythons
  5 endoplasms
  2 giant cockroaches
  14 goblins
  8 hobgoblins
  11 jackals
  21 kobolds
  3 quokkas
  6 bats
  5 frilled lizards
  2 rats (D:2)
  A starspawn tentacle (Abyss:2)
903 creatures vanquished.

Vanquished Creatures (others)
  A bush (Lair:6)
  50 fungi
  70 plants
  6 starspawn tentacles (Abyss:2)
127 creatures vanquished.

Grand Total: 1030 creatures vanquished

Notes
Turn   | Place    | Note
-------+----------+-------------------------------------------
     0 | D:1      | vineage the Gargoyle Fighter began the quest for the Orb.
     0 | D:1      | Reached XP level 1. HP: 14/14 MP: 1/1
   151 | D:1      | Reached XP level 2. HP: 18/20 MP: 2/2
   286 | D:1      | Reached skill level 4 in Fighting
   478 | D:1      | Reached XP level 3. HP: 21/24 MP: 3/3
   512 | D:1      | Found a faded altar of an unknown god.
   798 | D:1      | You fall into a shaft and drop 1 floor!
   798 | D:2      | Noticed Crazy Yiuf
   798 | D:2      | Found a runed translucent door.
  1093 | D:2      | Noticed Robin
  1114 | D:2      | Killed Robin
  1115 | D:2      | Reached skill level 5 in Fighting
  1152 | D:2      | HP: 1/26 [kobold (5)]
  1156 | D:2      | Reached XP level 4. HP: 2/31 MP: 4/4
  1214 | D:2      | Noticed Terence
  1223 | D:2      | Killed Terence
  1410 | D:2      | Reached skill level 6 in Fighting
  1497 | D:2      | Reached XP level 5. HP: 23/36 MP: 5/5
  1767 | D:2      | Killed Crazy Yiuf
  1777 | D:2      | Gained mutation: You are partially covered in iridescent
                  | scales. (AC +2) [potion of mutation]
  1777 | D:2      | Gained mutation: You are mostly covered in iridescent
                  | scales. (AC +4) [potion of mutation]
  1777 | D:2      | Gained mutation: You sometimes lose the ability to read
                  | scrolls when taking damage. [potion of mutation]
  1777 | D:2      | Gained mutation: Your muscles are strong. (Str +2) [potion
                  | of mutation]
  1975 | D:3      | Noticed an ice beast
  1990 | D:3      | Killed an ice beast
  1991 | D:3      | Reached skill level 7 in Fighting
  1991 | D:3      | Reached XP level 6. HP: 13/44 MP: 6/6
  2323 | D:3      | Identified the +8 short sword of Courage {vorpal, Drain
                  | Str+4 Stlth+}
  2627 | D:3      | Found a shimmering altar of Xom.
  3207 | D:4      | Reached skill level 8 in Fighting
  3279 | D:4      | Found a staircase to the Ecumenical Temple.
  3317 | Temple   | Entered the Ecumenical Temple
  3885 | Temple   | Became a worshipper of Warmaster Okawaru
  4367 | D:4      | Reached XP level 7. HP: 32/50 MP: 7/7
  4602 | D:4      | Reached skill level 9 in Fighting
  5062 | D:5      | Entered Level 5 of the Dungeon
  5106 | D:5      | Reached * piety under Okawaru
  5114 | D:5      | Reached skill level 10 in Fighting
  5114 | D:5      | Reached XP level 8. HP: 46/57 MP: 8/8
  5952 | D:6      | Reached skill level 11 in Fighting
  6405 | D:6      | Reached ** piety under Okawaru
  6406 | D:6      | Reached skill level 12 in Fighting
  6849 | D:7      | Reached XP level 9. HP: 57/67 MP: 9/9
  7032 | D:7      | Reached skill level 13 in Fighting
  7307 | D:7      | Noticed Menkaure
  7319 | D:7      | Killed Menkaure
  7588 | D:7      | Reached skill level 14 in Fighting
  8178 | D:7      | Reached *** piety under Okawaru
  8899 | D:8      | Noticed a catoblepas
  8914 | D:8      | Killed a catoblepas
  8914 | D:8      | Reached **** piety under Okawaru
  8915 | D:8      | Reached skill level 5 in Armour
  8915 | D:8      | Reached skill level 5 in Shields
  8915 | D:8      | Reached XP level 10. HP: 75/75 MP: 8/10
  9066 | D:8      | Killed an unseen horror
  9470 | D:8      | Noticed Grum
  9483 | D:8      | Killed Grum
  9925 | D:9      | Noticed a two-headed ogre
  9939 | D:9      | Killed a two-headed ogre
  9939 | D:9      | Reached ***** piety under Okawaru
  9947 | D:9      | Identified the +6 hand axe of Yskitiam {flame, Dex+5 SInv}
 10078 | D:9      | Found a staircase to the Lair.
 10309 | D:9      | Noticed a two-headed ogre
 10319 | D:9      | Killed a two-headed ogre
 10319 | D:9      | Received a gift from Okawaru
 10396 | D:9      | Reached XP level 11. HP: 80/80 MP: 11/11
 10660 | D:9      | Noticed a death yak
 10677 | D:9      | Killed a death yak
 10865 | D:9      | Noticed Maurice
 10939 | D:9      | Killed Maurice
 11441 | D:9      | Noticed a two-headed ogre
 11450 | D:9      | Killed a two-headed ogre
 11655 | D:10     | Entered Level 10 of the Dungeon
 11703 | D:10     | Reached skill level 10 in Armour
 11703 | D:10     | Reached skill level 10 in Shields
 12517 | D:10     | Reached ****** piety under Okawaru
 12813 | D:11     | Noticed a seven-headed hydra
 12825 | D:11     | Killed a seven-headed hydra
 12825 | D:11     | Received a gift from Okawaru
 13077 | D:11     | Found a portal to a secret trove of treasure.
 13175 | D:11     | Reached skill level 1 in Invocations
 13201 | D:11     | Reached skill level 1 in Dodging
 13282 | D:11     | Identified the +0 robe "Qoconung" {Rampage Str+2 Dex+2
                  | Stlth+}
 13374 | D:11     | Reached XP level 12. HP: 85/85 MP: 13/13
 13988 | D:11     | Noticed Fannar
 14008 | D:11     | Killed Fannar
 14363 | D:11     | Noticed a two-headed ogre
 14372 | D:11     | Killed a two-headed ogre
 14373 | D:11     | Reached skill level 5 in Invocations
 14413 | D:11     | Identified the +0 scale mail "Plog" {rN+ Dex+4}
 14416 | D:11     | Noticed a two-headed ogre
 14453 | D:11     | Killed a two-headed ogre
 14931 | D:12     | Noticed a four-headed hydra
 14942 | D:12     | Killed a four-headed hydra
 15656 | Lair:1   | Entered Level 1 of the Lair of Beasts
 15723 | Lair:1   | Noticed a five-headed hydra
 15743 | Lair:1   | Killed a five-headed hydra
 15743 | Lair:1   | Received a gift from Okawaru
 15744 | Lair:1   | Reached skill level 1 in Short Blades
 15754 | Lair:1   | Received a gift from Okawaru
 16124 | Lair:1   | Reached skill level 15 in Fighting
 17055 | Lair:2   | Reached XP level 13. HP: 92/92 MP: 17/17
 17334 | Lair:2   | Reached skill level 16 in Fighting
 17340 | Lair:2   | Received a gift from Okawaru
 17544 | Lair:2   | Received a gift from Okawaru
 17928 | Lair:2   | Reached skill level 17 in Fighting
 18013 | Lair:2   | Noticed Maggie
 18031 | Lair:2   | Killed Maggie
 18927 | Lair:3   | Found a staircase to the Snake Pit.
 19220 | Lair:3   | Reached skill level 18 in Fighting
 20461 | Lair:3   | Found a hole to the Spider Nest.
 20531 | Lair:3   | Identified the +1 lajatang "Duzeuzi" {elec, Fly Str+7}
                  | (Okawaru gifted it to you on level 3 of the Lair of Beasts)
 20531 | Lair:3   | Received a gift from Okawaru
 20532 | Lair:3   | Gained mutation: Your large and strong wings let you fly.
                  | [Gargoyle growth]
 20532 | Lair:3   | Reached XP level 14. HP: 54/104 MP: 18/18
 20898 | Lair:4   | Reached skill level 19 in Fighting
 21935 | Lair:4   | You are sucked into a shaft and drop 2 floors!
 21935 | Lair:6   | Entered Level 6 of the Lair of Beasts
 22071 | Lair:5   | Reached skill level 5 in Maces & Flails
 23229 | Lair:5   | Received a gift from Okawaru
 24188 | Lair:5   | Found a runed translucent door.
 24190 | Lair:5   | Found a viscous altar of Jiyva.
 24194 | Lair:5   | Found a staircase to the Slime Pits.
 25430 | Lair:6   | Received a gift from Okawaru
 26459 | Lair:6   | Noticed Rupert
 26483 | Lair:6   | Killed Rupert
 26572 | Lair:6   | Reached skill level 10 in Maces & Flails
 26920 | Lair:6   | Reached XP level 15. HP: 69/111 MP: 19/19
 27018 | Lair:6   | Identified the +0 ring mail of Time Monsters {Int+7}
                  | (Okawaru gifted it to you on level 6 of the Lair of Beasts)
 27018 | Lair:6   | Received a gift from Okawaru
 28390 | D:12     | Found a staircase to the Orcish Mines.
 29527 | D:12     | Identified the +0 hat of a Million Hells {rF+ Stlth+}
 30281 | D:13     | Identified the +2 demon whip "Demonslayer" {freeze, rElec
                  | Str+4} (Okawaru gifted it to you on level 13 of the
                  | Dungeon)
 30281 | D:13     | Received a gift from Okawaru
 31012 | D:14     | Noticed Kirke
 31026 | D:14     | Killed Kirke
 31262 | D:14     | Found Muigyd's Jewellery Shop.
 31442 | D:14     | Received a gift from Okawaru
 31526 | D:14     | Found a gate to the Vaults.
 31538 | D:14     | Reached skill level 15 in Maces & Flails
 32064 | D:14     | Reached XP level 16. HP: 113/116 MP: 20/20
 32140 | D:15     | Entered Level 15 of the Dungeon
 32757 | D:15     | Identified the +2 buckler "Gikeam" {rPois rN+} (Okawaru
                  | gifted it to you on level 15 of the Dungeon)
 32757 | D:15     | Received a gift from Okawaru
 33391 | D:15     | Cast into level 2 of the Abyss (a wizard)
 33693 | Abyss:2  | Identified the +8 dagger "Caamint" {elec, +Blink Fly Will+}
 33734 | Abyss:2  | Noticed a tentacled starspawn
 33768 | Abyss:2  | Killed a tentacled starspawn
 33809 | Abyss:2  | Found a corrupted altar of Lugonu.
 33881 | Abyss:2  | Noticed a tentacled starspawn
 33887 | Abyss:2  | Killed a tentacled starspawn
 34198 | Abyss:2  | Noticed a hellephant
 34257 | Abyss:2  | Killed a hellephant
 34346 | D:15     | Escaped the Abyss
 34597 | D:15     | Found a staircase to the Depths.
 34609 | D:15     | Identified the +2 chain mail of the Lizard {Int+7} (Okawaru
                  | gifted it to you on level 15 of the Dungeon)
 34609 | D:15     | Received a gift from Okawaru
 34764 | Orc:1    | Entered Level 1 of the Orcish Mines
 34812 | Orc:1    | Noticed Erolcha
 34888 | Orc:1    | Killed Erolcha
 34938 | Orc:1    | Found Qiriymai's Jewellery Emporium.
 34946 | Orc:1    | Bought an amulet of reflection for 300 gold pieces
 35080 | Orc:1    | Noticed Snorg
 35102 | Orc:1    | Killed Snorg
 35199 | Orc:1    | You are sucked into a shaft and drop 1 floor!
 35199 | Orc:2    | Entered Level 2 of the Orcish Mines
 35199 | Orc:2    | Found a staircase to the Elven Halls.
 35271 | Orc:2    | Noticed Nergalle
 35301 | Orc:2    | Killed Nergalle
 35335 | Orc:2    | Noticed Blork the orc
 35429 | Orc:2    | Killed Blork the orc
 35767 | Orc:2    | Gained mutation: You are frail. (-10% HP) [a neqoxec]
 36240 | Orc:2    | Found Vozenef's Antique Armour Boutique.
 36259 | Orc:2    | Found Seprad's Jewellery Boutique.
 36499 | Orc:2    | Found Mihav's Antique Weapon Boutique.
 36672 | Orc:2    | Found Pumael's General Store.
 36680 | Orc:2    | Reached XP level 17. HP: 109/109 MP: 21/21
 36841 | Orc:2    | Bought a scroll of fog for 26 gold pieces
 36841 | Orc:2    | Bought a scroll of magic mapping for 45 gold pieces
 37473 | Spider:1 | Entered Level 1 of the Spider Nest
 38531 | Spider:1 | Noticed Josephine
 38720 | Spider:1 | Killed Josephine
 38730 | Spider:1 | Identified the +1 robe of Sodejiari {rN+} (Okawaru gifted
                  | it to you on level 1 of the Spider Nest)
 38730 | Spider:1 | Received a gift from Okawaru
 40485 | Spider:3 | Slain by a wolf spider

Illustrated notes

Levels and vault maps discovered:
D:1:      lightli_iron_boxes, layout_loops_cross,
          chequers_ecumenical_altar_simple_redux, hex_tiny
D:2:      layout_loops_cross, uniq_terence, uniq_robin, uniq_crazy_yiuf_cottage
D:3:      layout_basic, mainiacjoe_overflow_surrounded_room,
          amcnicky_mini_pool_small
D:4:      layout_loops_corners, minmay_temple_entry_butterflies,
          grunt_ministairs_8, kennysheep_generic_room_4
D:5:      layout_basic
D:6:      layout_basic, minmay_diced_spiral
D:7:      layout_basic, roderic_lattice_a, uniq_menkaure
D:8:      layout_basic, special_room [special_room_orc], uniq_grum
D:9:      layout_irregular_city, david_lair_generic, chequers_jeans,
          serial_bayou_pond_b, minmay_misc_feat_enclosed, uniq_maurice
D:10:     layout_roguey
D:11:     cheibrodos_statue_roulette, layout_stronghold,
          nicolae_trove_entry_crossroad, uniq_fannar
D:12:     layout_loops_ring, orc_david_3, gauntlet_entry_generic,
          amcnicky_mini_corridor_feature, minmay_evil_grid
D:13:     layout_loops_corners
D:14:     layout_basic, grunt_vaults_entry_fortified, minmay_misc_feat_tower,
          serial_shops, nicolae_diamond_shop,
          portal_ice_cave_entry_frozen_things, uniq_kirke
D:15:     grunt_enter_depths_magical_seal, layout_basic, hangedman_decor_points
Temple:   mainiacjoe_temple_starburst
Lair:1:   layout_regular_city, grunt_megastairs_3, lemuel_fruit_tree
Lair:2:   layout_gridlike, grunt_megastairs_2, serial_bayou_shore_b, uniq_maggie
Lair:3:   layout_cave_shapes, minmay_snake_entry_spellcaster,
          nicolae_spider_entry_orb_guardian, minivault_23,
          kennysheep_catoblepas_arena
Lair:4:   layout_cellular_growth, nicolae_lair_lindhole
Lair:5:   layout_hall_layers, slime_altar_2, nzn_sisyphean_effort
Lair:6:   hangedman_lair_tendril_chambers, layout_loops_ring, uniq_rupert
Spider:1: layout_spider_delve, uniq_josephine
Spider:2: layout_spider_delve
Spider:3: layout_spider_delve, nicolae_spider_eight_legs
Orc:1:    layout_caves, serial_shops, shop, uniq_erolcha, uniq_snorg
Orc:2:    grunt_orc_cross, layout_diamond_mine, mines1_david

Skill      XL: |  1  2  3  4  5  6  7  8  9 10 11 12 13 14 15 16 17 |
---------------+----------------------------------------------------+-----
Fighting       | 4 5 6 7 8 10 12 14 15 18 19 | 19.8
Armour         | 5 8 11 12 | 12.3
Shields        | 5 8 11 12 | 12.2
Invocations    | 2 6 |  6.5
Dodging        | 1 4 |  4.9
Short Blades   | 2 |  2.2
Maces & Flails | 10 15 18 | 18.9

Action                   |  1- 3 |  4- 6 |  7- 9 | 10-12 | 13-15 | 16-18 || total
-------------------------+-------+-------+-------+-------+-------+-------++-------
Melee: Flail             |   115 |   110 |       |       |       |       ||   225
       Short sword       |       |    61 |   289 |   717 |  1101 |       ||  2168
       Morningstar       |       |       |       |       |   466 |       ||   466
       Demon whip        |       |       |       |       |   232 |  1190 ||  1422
Invok: Heroism           |       |       |     2 |    10 |    16 |    17 ||    45
       Finesse           |       |       |       |     1 |     2 |     2 ||     5
  Use: Potion            |     2 |     4 |       |     1 |     1 |     2 ||    10
       Scroll            |       |     5 |     8 |     5 |     6 |     2 ||    26
 Stab: Invisible         |       |     1 |       |       |       |       ||     1
       Petrified         |       |       |       |       |     4 |       ||     4
       Petrifying        |       |       |       |       |     1 |       ||     1
       Distracted        |       |       |       |       |       |     2 ||     2
Armor: Scale mail        |    63 |   101 |    23 |       |       |       ||   187
       Plate armour      |       |       |   199 |   477 |  1039 |   526 ||  2241
Dodge: Dodged            |    64 |    84 |    79 |   278 |  1005 |   483 ||  1993
Block: Buckler           |    31 |    34 |    17 |       |       |   626 ||   708
       Kite shield       |       |       |    93 |   499 |  1471 |    69 ||  2132

Table legend: (Time is in decaauts)
 A = Elapsed time spent in this place.
 B = Non-inter-level travel time spent in this place.
 C = Inter-level travel time spent in this place.
 D = Time resting spent in this place.
 E = Time spent auto-exploring this place.
 F = Levels seen in this place.
 G = Mean time per level.
                   A        B        C        D        E       F      G
               +--------+--------+--------+--------+--------+-----+--------+
         Total |  40078 |  38241 |   1837 |   8641 |  22262 |  28 | 1431.4 |
       Dungeon |  20951 |  19814 |   1137 |   3320 |  13167 |  15 | 1396.7 |
        Temple |    625 |    518 |    107 |      0 |    510 |   1 |  625.0 |
          Lair |  13578 |  13103 |    475 |   4233 |   6464 |   6 | 2263.0 |
   Spider Nest |   1790 |   1719 |     71 |    258 |   1129 |   3 |  596.7 |
  Orcish Mines |   2258 |   2213 |     45 |    764 |    992 |   2 | 1129.0 |
         Abyss |    874 |    874 |      0 |     66 |      0 |   1 |  874.0 |
               +--------+--------+--------+--------+--------+-----+--------+

Top non-repeatable levels by time:
  Lair:3: 2942 daAuts
    D:11: 2722 daAuts
  Lair:5: 2721 daAuts
  Lair:6: 2694 daAuts
   Orc:2: 1933 daAuts
  Lair:2: 1915 daAuts
     D:9: 1914 daAuts
  Lair:4: 1771 daAuts
    D:12: 1655 daAuts
     D:8: 1632 daAuts
     D:4: 1567 daAuts
  Lair:1: 1532 daAuts
     D:7: 1515 daAuts
    D:15: 1496 daAuts
    D:10: 1288 daAuts
